 Dungeon Crawl Stone Soup version 0.24-a0-279-ga7546fe674 (webtiles) character file.

Game seed: 7605635413976005167

14396 GordonOverkill the Nimble (level 11, -1/96 HPs)
             Began as a Deep Elf Berserker on May 1, 2019.
             Was an Elder of Trog.
             Killed by mirror damage (8 damage)
             ... on level 12 of the Dungeon.
             The game lasted 00:32:10 (15524 turns).

GordonOverkill the Nimble (Deep Elf Berserker)     Turns: 15524, Time: 00:32:10

Health: -1/96      AC:  9    Str: 22    XL:     11   Next: 88%
Magic:  16/16      EV: 21    Int: 13    God:    Trog [****..]
Gold:   165        SH:  7    Dex: 14    Spells: 10/10 levels left

rFire    + . .     SeeInvis .   b - +1 scimitar (flame)
rCold    + . .     Gourm    .   f - +2 buckler {rC+ rF+}
rNeg     . . .     Faith    .   o - +0 steam dragon scales
rPois    .         Spirit   .   r - +0 helmet
rElec    .         Reflect  .   x - +0 cloak
rCorr    .         Harm     .   m - +0 pair of gloves
MR       +....                  (no boots)
Stlth    ..........             L - amulet of magic regeneration
HPRegen  0.26/turn              (no ring)
MPRegen  0.40/turn              (no ring)

@: berserking (expiring), very quick
A: no striking features
a: Berserk, Trog's Hand, Brothers in Arms, Renounce Religion


You were on level 12 of the Dungeon.
You worshipped Trog.
Trog was greatly pleased with you.
You were hungry.

You visited 1 branch of the dungeon, and saw 12 of its levels.

You collected 728 gold pieces.
You spent 563 gold pieces at shops.

Inventory:

Hand Weapons
 a - a +2 long sword of protection
 b - a +1 scimitar of flaming (weapon)
Missiles
 d - 404 stones
 l - 3 javelins
 n - 7 tomahawks
 z - 8 javelins of penetration (quivered)
 E - a throwing net
Armour
 f - a +2 buckler of resistance (worn)
 h - a scarf of spirit shield
 m - a +0 pair of gloves (worn)
 o - +0 steam dragon scales (worn)
 r - a +0 helmet (worn)
 x - a +0 cloak (worn)
Jewellery
 L - an amulet of magic regeneration (around neck)
Wands
 v - a wand of random effects (5)
 B - a wand of iceblast (38)
 G - a wand of flame (24)
Scrolls
 e - 7 scrolls of teleportation
 i - 2 scrolls of immolation
 j - 3 scrolls of magic mapping
 t - a scroll of enchant armour
 y - 4 scrolls of remove curse
 C - a scroll of fear
 I - a scroll of blinking
 J - a scroll of noise {unknown}
 M - a scroll of identify
Potions
 g - a potion of heal wounds {unknown}
 k - 6 potions of curing
 p - 2 potions of flight {unknown}
 q - 2 potions of magic
 s - a potion of haste
 u - a potion of resistance
 w - 3 potions of invisibility
 A - a potion of agility
 D - a potion of brilliance
 F - 2 potions of mutation
 H - 2 potions of lignification
Comestibles
 c - 22 rations
 K - 4 chunks of flesh


   Skills:
 + Level 5.7 Fighting
 + Level 10.3 Long Blades
 - Level 5.0 Armour
 + Level 13.0 Dodging
 + Level 5.8 Shields
 - Level 4.0 Evocations


You had 10 spell levels left.
You didn't know any spells.
Your spell library was empty.

Dungeon Overview and Level Annotations

Branches:
Dungeon (12/15)            Temple (0/1) D:4            Lair (0/6) D:10
    Orc: D:9-12

Altars:
Ashenzari
Cheibriados
Dithmenos
Elyvilon
Fedhas
Hepliaklqana
Nemelex Xobeh
Qazlal
Trog
Wu Jian
Xom
Yredelemnul
Zin

Shops:
D:9 *   D:11 *

Annotations:
D:9 1 runed translucent door, kr4n3's ghost, novice DsFi


Message History

The wizard seems to speed up.
You hear an angry hiss.
You hit the death knight. You burn the death knight.
The death knight is lightly wounded.
The death knight reflects your damage back at you!
The death knight misses you. The wraith completely misses you.
You slash the death knight! You burn the death knight!
The death knight is moderately wounded.
The death knight reflects your damage back at you!
The meliai invokes the aid of its god against you.
Something smites you!
* * * LOW HITPOINT WARNING * * *
You block the wraith's attack.
The meliai calls down the wrath of its god upon you.
Something smites you!
* * * LOW HITPOINT WARNING * * *
You slash the death knight! You burn the death knight.
The death knight is heavily wounded.
The death knight reflects your damage back at you!
You die...

.###.#
#.#.....#.#
.....#
##.......##
.##### # #
#####.#####.#
.# #.#.
#...........#
## ..#
#.#####.#####
.. ..D#.# #.#
...(#T#.#####.#
....yWpW......#
...#z#@#####.#
#$# #.# #.# #.#
#.. #.# .# #..
#.# .. #[.^ #.#
.. #... ..
#.#.#


You could see a death knight, a five-headed hydra, a freezing wraith, a troll, a
wraith and a meliai.

Vanquished Creatures
  Erolcha (D:9)
  A hydra (D:12)
  A catoblepas (D:12)
  Erica (D:9)
  A two-headed ogre (D:10)
  An unseen horror (D:10)
  3 ugly things
  A gargoyle (D:10)
  A troll (D:10)
  A queen bee (D:9)
  A slime creature (D:11)
  4 hippogriffs
  7 yaks
  A steam dragon (D:9)
  Grum (D:9)
  Menkaure (D:5)
  A soldier ant (D:11)
  2 water moccasins
  2 sky beasts
  An ice beast (D:6)
  2 black bears
  5 wolves
  An ogre (D:10)
  12 centaurs
  A big kobold (D:12)
  A bullfrog (D:6)
  A gnoll sergeant (D:10)
  A wyvern skeleton (D:11)
  6 scorpions
  16 killer bees
  4 wights (D:11)
  2 electric eels (D:10)
  5 howler monkeys
  2 centaur zombies
  6 crimson imps
  A quasit (D:10)
  5 hounds
  8 jellies
  4 bullfrog skeletons
  A centaur skeleton (D:4)
  6 orc priests
  6 orc wizards
  5 iguanas
  6 worker ants
  A killer bee zombie (D:6)
  A hound skeleton (D:5)
  2 hound zombies
  2 worker ant zombies
  13 gnolls
  13 adders
  2 howler monkey skeletons
  6 shadow imps
  7 oozes
  2 adder skeletons
  3 worms
  6 dart slugs
  5 leopard geckos
  30 orcs
  2 ball pythons
  5 bats
  2 giant cockroaches
  2 gnoll zombies (D:6)
  10 goblins
  6 hobgoblins
  14 jackals
  8 kobolds
  7 quokkas
  4 frilled lizards
  A jackal skeleton (D:6)
  7 rats
301 creatures vanquished.

Vanquished Creatures (collateral kills)
  3 yaks (D:9)
  10 killer bees (D:9)
13 creatures vanquished.

Grand Total: 314 creatures vanquished

Notes
Turn   | Place    | Note
-------+----------+-------------------------------------------
     0 | D:1      | GordonOverkill the Deep Elf Berserker began the quest for
                  | the Orb.
     0 | D:1      | Reached XP level 1. HP: 13/13 MP: 3/3
   361 | D:1      | Reached XP level 2. HP: 13/18 MP: 4/4
  1066 | D:1      | Reached skill level 3 in Dodging
  1319 | D:2      | Reached XP level 3. HP: 22/22 MP: 5/5
  1694 | D:2      | Reached XP level 4. HP: 26/27 MP: 6/6
  1871 | D:2      | Reached ** piety under Trog
  1965 | D:2      | Found a shattered altar of Ashenzari.
  1966 | D:2      | Found an ornate altar of the Wu Jian Council.
  1973 | D:2      | Found a shadowy altar of Dithmenos.
  2356 | D:3      | Found a faded altar of an unknown god.
  2522 | D:3      | Reached XP level 5. HP: 27/32 MP: 7/7
  2758 | D:3      | Found a snail-covered altar of Cheibriados.
  2786 | D:3      | Reached skill level 4 in Dodging
  3567 | D:4      | Found a staircase to the Ecumenical Temple.
  3572 | D:4      | Reached XP level 6. HP: 26/37 MP: 8/8
  4126 | D:4      | Found a bloodstained altar of Trog.
  4179 | D:4      | Found a glowing silver altar of Zin.
  4183 | D:4      | Found a hazy altar of Hepliaklqana.
  4282 | D:5      | Entered Level 5 of the Dungeon
  4302 | D:5      | Noticed Menkaure
  4314 | D:5      | Killed Menkaure
  4451 | D:5      | Reached skill level 5 in Dodging
  4454 | D:5      | Reached XP level 7. HP: 42/42 MP: 9/9
  5678 | D:6      | Reached skill level 5 in Long Blades
  5822 | D:6      | Reached XP level 8. HP: 48/48 MP: 10/10
  5823 | D:6      | Reached *** piety under Trog
  6381 | D:6      | Reached skill level 1 in Evocations
  6804 | D:6      | Reached skill level 5 in Fighting
  7194 | D:6      | Found a basalt altar of Yredelemnul.
  7229 | D:7      | Reached skill level 6 in Dodging
  7300 | D:7      | Noticed a hippogriff
  7323 | D:6      | Killed a hippogriff
  7323 | D:6      | Reached skill level 5 in Armour
  7537 | D:7      | Noticed a hippogriff
  7560 | D:7      | Killed a hippogriff
  7560 | D:7      | Reached skill level 7 in Dodging
  7560 | D:7      | Reached XP level 9. HP: 54/54 MP: 13/13
  8003 | D:7      | Reached **** piety under Trog
  8100 | D:7      | Found a white marble altar of Elyvilon.
  8110 | D:7      | Found a shimmering altar of Xom.
  8129 | D:7      | Reached skill level 8 in Dodging
  8319 | D:7      | Found a sparkling altar of Nemelex Xobeh.
  8970 | D:8      | Identified a scroll of acquirement
  9931 | D:9      | Noticed Erica
  9990 | D:9      | Killed Erica
  9990 | D:9      | Reached skill level 9 in Dodging
 10084 | D:9      | Found a stormy altar of Qazlal.
 10100 | D:9      | Reached XP level 10. HP: 59/59 MP: 14/14
 10111 | D:9      | Noticed Erolcha
 10163 | D:9      | Killed Erolcha
 10294 | D:9      | Reached skill level 10 in Dodging
 10493 | D:9      | Found a blossoming altar of Fedhas.
 10652 | D:9      | Found a runed translucent door.
 10652 | D:9      | Found a shimmering altar of Xom.
 10652 | D:9      | Noticed kr4n3's ghost (novice DsFi)
 10652 | D:9      | Noticed a +1 quarterstaff of chaos
 10659 | D:9      | Noticed Grum
 10679 | D:9      | Killed Grum
 10836 | D:9      | Found Fuho's Assorted Antiques.
 10863 | D:9      | Bought a scroll of enchant armour for 210 gold pieces
 10863 | D:9      | Bought a potion of invisibility for 224 gold pieces
 10863 | D:9      | Bought a scroll of identify for 56 gold pieces
 10863 | D:9      | Bought a scroll labeled WOUSET LINGOTT for 28 gold pieces
 11328 | D:9      | Reached skill level 11 in Dodging
 11555 | D:10     | Entered Level 10 of the Dungeon
 11722 | D:10     | Received a gift from Trog
 11730 | D:10     | Noticed a two-headed ogre
 11746 | D:10     | Killed a two-headed ogre
 11906 | D:10     | Noticed a gargoyle
 11915 | D:10     | Killed a gargoyle
 11915 | D:10     | Reached XP level 11. HP: 63/63 MP: 12/15
 12728 | D:10     | Found a staircase to the Lair.
 13283 | D:10     | Killed an unseen horror
 13283 | D:10     | Reached skill level 5 in Shields
 13895 | D:11     | Noticed a purple ugly thing
 13908 | D:11     | Killed a purple ugly thing
 13908 | D:11     | Reached skill level 10 in Long Blades
 13908 | D:11     | Reached skill level 12 in Dodging
 14001 | D:11     | Found a white marble altar of Elyvilon.
 14225 | D:11     | Noticed a brown ugly thing
 14234 | D:11     | Killed a brown ugly thing
 14436 | D:11     | Found Kuikej's General Store.
 14439 | D:11     | Bought a scroll of teleportation for 45 gold pieces
 15080 | D:12     | Noticed a six-headed hydra
 15087 | D:12     | Killed a three-headed hydra
 15435 | D:12     | Noticed a white ugly thing
 15442 | D:12     | Killed a white ugly thing
 15512 | D:12     | Noticed a catoblepas
 15512 | D:12     | Noticed a death knight
 15514 | D:12     | Noticed a rakshasa
 15514 | D:12     | Noticed a skeletal warrior
 15518 | D:12     | Noticed a wizard
 15518 | D:12     | Noticed a five-headed hydra
 15519 | D:12     | Killed a catoblepas
 15519 | D:12     | Reached skill level 13 in Dodging
 15524 | D:12     | Killed by mirror damage

Levels and vault maps discovered:
D:1:      lightli_arrival_noodles, layout_loops_ring,
          wander_ebering_terrifying_dragon_lair
D:2:      layout_rooms, gammafunk_temple_overflow_forgotten,
          minmay_close_crescents
D:3:      layout_rooms, chequers_ecumenical_altar_simple, first_ration,
          dk_noncrumbling_2, lemuel_altar_in_water
D:4:      layout_basic, minmay_overflow_temple_star_quad,
          minmay_temple_entry_nine_rooms
D:5:      layout_loops_ring, kennysheep_opposing_triangles, uniq_menkaure
D:6:      layout_basic, lemuel_zombie_altar_yredelemnul
D:7:      layout_basic, nemelex_altar_shiori, old_standard_altar,
          lemuel_crystal_altar, moated_statue
D:8:      layout_gridville, minmay_misc_feat_x
D:9:      layout_basic, grunt_temple_overflow_forces_of_nature, serial_shops,
          shop, ebering_ghost_xom, special_room [special_room_bee], uniq_grum,
          uniq_erica, uniq_erolcha
D:10:     layout_cave_pods, erik_lair_island
D:11:     layout_roguey, serial_shops, nicolae_shop_behind_doors,
          hangedman_little_slice_of_home, elyvilon_altar_1
D:12:     minmay_the_grid_net [minmay_the_grid_spin_star, minmay_the_grid_x,
          minmay_the_grid_tree, minmay_the_grid_outer_diamond,
          minmay_the_grid_zigzags, minmay_the_grid_prize_big_room],
          layout_loops_ring, kennysheep_orc_monster_closet_entryway,
          serial_shops, nicolae_shop_trees, basic_altar

Skill      XL: |  1  2  3  4  5  6  7  8  9 10 11 |
---------------+----------------------------------+-----
Long Blades    | 3 4 5 6 7 9 10 | 10.3
Armour         | 2 3 4 5 |  5.0
Dodging        | 3 4 5 7 9 11 13 | 13.0
Fighting       | 3 4 5 |  5.7
Evocations     | 3 4 |  4.0
Shields        | 3 4 5 |  5.8

Action                   |  1- 3 |  4- 6 |  7- 9 | 10-12 || total
-------------------------+-------+-------+-------+-------++-------
Melee: Falchion          |    79 |     8 |       |       ||    87
       Long sword        |       |   167 |   316 |   356 ||   839
       Scimitar          |       |       |       |   161 ||   161
Throw: Stone             |     3 |       |       |       ||     3
       Tomahawk          |       |     1 |       |       ||     1
       Javelin           |       |       |     1 |     2 ||     3
Invok: Berserk           |     7 |    10 |    19 |    28 ||    64
       Trog's Hand       |       |     1 |       |     5 ||     6
       Brothers in Arms  |       |       |       |     3 ||     3
Evoke: Wand              |       |       |       |     4 ||     4
  Use: Scroll            |       |       |    20 |     6 ||    26
       Potion            |       |       |       |     2 ||     2
 Stab: Sleeping          |     1 |       |       |       ||     1
  Eat: Chunk             |     9 |    12 |    26 |    23 ||    70
       Ration            |       |     2 |     3 |     7 ||    12
Armor: Scale mail        |    30 |    17 |       |       ||    47
       Chain mail        |       |    45 |       |       ||    45
       Leather armour    |       |    13 |   148 |    11 ||   172
       Steam dragon scal |       |       |       |   125 ||   125
Dodge: Dodged            |    40 |    98 |   284 |   415 ||   837
Block: Buckler           |       |       |    10 |   169 ||   179
       Rpst.: Falchion   |    12 |     1 |       |       ||    13
       Long sword        |       |    29 |    83 |    77 ||   189
       Scimitar          |       |       |       |    37 ||    37

Table legend:
 A = Non-vault XP
 B = Vault XP
 C = Vault XP percentage of total XP
 D = Non-vault monster count
 E = Vault monster count
 F = Vault count percentage of total count
                 A         B        C        D         E       F
            +---------+---------+-------+---------+---------+-------
      Total |   13867 |    6700 |  32.6 |     253 |      61 |  19.4
            +---------+---------+-------+---------+---------+-------
        D:1 |      37 |       1 |   2.6 |      16 |       1 |   5.9
        D:2 |     114 |       9 |   7.3 |      24 |       4 |  14.3
        D:3 |     109 |       0 |   0.0 |      24 |       0 |   0.0
        D:4 |     257 |       0 |   0.0 |       9 |       0 |   0.0
        D:5 |     377 |     175 |  31.7 |      16 |       2 |  11.1
        D:6 |    1276 |       4 |   0.3 |      27 |       2 |   6.9
        D:7 |    1404 |       0 |   0.0 |      38 |       0 |   0.0
        D:8 |     516 |       0 |   0.0 |       8 |       0 |   0.0
        D:9 |    1712 |    3828 |  69.1 |      21 |      29 |  58.0
       D:10 |    3703 |     820 |  18.1 |      36 |       8 |  18.2
       D:11 |    2773 |     423 |  13.2 |      27 |       9 |  25.0
       D:12 |    1589 |    1440 |  47.5 |       7 |       6 |  46.2
            +---------+---------+-------+---------+---------+-------
